 Dungeon Crawl Stone Soup version 0.19.1-1-g22dce08 (webtiles) character file.

107 M4edhros the Sneak (level 4, -2/28 HPs)
             Began as an Octopode Artificer on Dec 31, 2016.
             Killed from afar by Natasha (8 damage)
             ... with a magic dart
             ... on level 2 of the Dungeon.
             The game lasted 00:00:57 (918 turns).

M4edhros the Sneak (Octopode Artificer)              Turns: 918, Time: 00:00:58

Health: -2/28      AC:  1    Str: 11    XL:     4   Next: 85%
Magic:  6/6        EV: 13    Int: 13    God:
Gold:   36         SH:  0    Dex: 13    Spells: 0 memorised, 3 levels left

rFire  . . .     SeeInvis .     a - +0 short sword
rCold  . . .     Gourm    .     (no shield)
rNeg   . . .     Faith    .     (helmet restricted)
rPois  .         Spirit   .     (no amulet)
rElec  .         Reflect  .     (no ring)
rCorr  .         Harm     .     (no ring)
MR     .....                    (no ring)
Stlth  ++++......               (no ring)
                                (no ring)
                                (no ring)
                                (no ring)
                                (no ring)

@: no status effects
A: almost no armour, stealthy swim, amphibious, 8 rings, constrict 8, camouflage
1, gelatinous body 1
a: no special abilities


You were on level 2 of the Dungeon.
You were not hungry.

You visited 1 branch of the dungeon, and saw 2 of its levels.

You collected 36 gold pieces.

Inventory:

Hand Weapons
 a - a +0 short sword (weapon)
Armour
 l - a +0 large shield
Wands
 b - a wand of flame (12/48)
 c - a wand of enslavement (15/24)
 d - a wand of random effects (14/48)
 k - a wand of flame (25/48)
Scrolls
 e - 3 scrolls of remove curse {unknown}
 g - 3 scrolls of teleportation {unknown}
 h - 4 scrolls of identify {unknown}
Potions
 i - a potion of mutation {unknown}
 j - a potion of haste {unknown}
 m - a potion of ambrosia {unknown}
 o - a potion of heal wounds {unknown}
Comestibles
 f - 2 bread rations
 n - 3 chunks of flesh


   Skills:
 - Level 1.0 Fighting
 - Level 1.0 Short Blades
 - Level 2.0 Dodging
 + Level 6.5 Stealth
 - Level 3.2 Evocations


You had 3 spell levels left.
You didn't know any spells.

Dungeon Overview and Level Annotations

Branches:
Dungeon (2/15)

Altars:

Annotations:
D:2 Natasha


Innate Abilities, Weirdness & Mutations

You cannot wear most types of armour.
You are very stealthy in the water. (Stealth+)
You are amphibious.
You can wear up to eight rings at the same time.
You can use your tentacles to constrict eight enemies at once.
Your skin changes colour to match your surroundings (Stealth+).
Your rubbery body absorbs attacks. (AC +1, EV +1)


Message History

You constrict Natasha. Natasha claws you!
You hit Natasha but do no damage.
Natasha is moderately wounded.
You constrict Natasha.
Natasha hisses.
Natasha claws you!
* * * LOW HITPOINT WARNING * * *
Natasha claws you.
* * * LOW HITPOINT WARNING * * *
Evoke which item? (* to show all) (? for menu, Esc to quit)
Zapping:
b - a wand of flame (13/48)
Press: ? - help, Shift-Dir - straight line, f - Natasha
Aim: Natasha (moderately wounded, constricted by you)
The puff of flame hits Natasha.
Natasha is heavily wounded.
This wand has 12 charges left.
You constrict Natasha, but do no damage.
Natasha stares at you and mumbles some strange words.
The magic dart hits you!
You die...

#..........######
#..(.............
#......†...##....
#..........##...(
#...†......#.....
#................
#..........#####.
#########..÷......
..
##.....@h...........
##.
##..########........
#..##### #..##....
#...h..# #..# ....
###.h#.#####.###....
##................
###.........#....
##........# ..
#.l......## .


You could see Natasha.

Vanquished Creatures
  Jessica (D:2)
  Natasha (twice) (D:2)
  An adder (D:2)
  A worm (D:2)
  3 bats
  2 goblins
  4 hobgoblins (D:1)
  3 jackals (D:2)
  2 kobolds (D:1)
  A frilled lizard (D:2)
  A rat (D:2)
21 creatures vanquished.

Notes
Turn   | Place    | Note
-------+----------+-------------------------------------------
     0 | D:1      | M4edhros the Octopode Artificer began the quest for the Orb.
     0 | D:1      | Reached XP level 1. HP: 13/13 MP: 3/3
    47 | D:1      | Reached skill level 2 in Stealth
    91 | D:1      | Reached XP level 2. HP: 13/18 MP: 4/4
    97 | D:1      | Reached skill level 3 in Stealth
   421 | D:2      | Noticed Jessica
   428 | D:2      | Killed Jessica
   428 | D:2      | Reached skill level 4 in Stealth
   428 | D:2      | Reached XP level 3. HP: 23/23 MP: 5/5
   445 | D:2      | Reached skill level 5 in Stealth
   529 | D:2      | Noticed Natasha
   538 | D:2      | Killed Natasha
   538 | D:2      | Reached XP level 4. HP: 7/28 MP: 6/6
   547 | D:2      | Noticed Natasha
   549 | D:2      | Killed Natasha
   549 | D:2      | Reached skill level 6 in Stealth
   912 | D:2      | Noticed Natasha
   918 | D:2      | Killed from afar by Natasha

Skill      XL: |  1  2  3  4 |
---------------+-------------+-----
Stealth        | 2 4 5 6 |  6.5
Fighting       | |  1.0
Short Blades   | |  1.0
Dodging        | |  2.0
Evocations     | |  3.2

Action                   |  1- 3 |  4- 6 || total
-------------------------+-------+-------++-------
Melee: Short sword       |    33 |    15 ||    48
       Constrict         |     5 |     5 ||    10
       Tentacles         |     4 |     1 ||     5
Evoke: Wand              |       |     4 ||     4
 Stab: Sleeping          |     5 |       ||     5
Armor: Skin              |     2 |       ||     2
Dodge: Dodged            |    15 |    12 ||    27
